AoeStats
← Franz

Arabia

507521347Analyzed
1v1 RM · 14d ago on Sep 18, 2026· 34m 40s· 2 players
Game mode
Random Map
Map size
Tiny (2 player)
Population
200
Speed
Normal
Resources
Standard
Victory
Conquest
Starting age
Dark Age
Ending age
Imperial Age
RankedLock teamsTeams togetherTeam positionsShared explorationLock speedFull tech treeHidden civsTurbo modeCheats
Victory
Defeat
🇪🇸 Spanish · Spain
787
+17
🇫🇷 Byzantines · France
819
-27
Jalp
7:16 Loom
10:19 Feudal Age
10:46 Double-Bit Axe
10:45 Horse Collar
15:58 Wheelbarrow
18:55 Castle Age
17:32 Stone Mining
19:00 Bloodlines
20:10 Bow Saw
20:03 Heavy Plow
21:13 Hand Cart
21:58 Husbandry
21:50 Fletching
23:57 Scale Barding Armor
27:02 Gold Mining
30:50 Imperial Age
30:19 Ballistics
30:23 Chain Barding Armor
29:59 Bodkin Arrow
29:51 Pikeman
30:59 Forging
30:49 Scale Mail Armor
32:02 Conscription
32:34 Plate Barding Armor
34:20 Iron Casting
34:01 Chain Mail Armor
33:47 Bracer
34:54 Chemistry
Franz
7:38 Loom
9:59 Feudal Age
10:42 Double-Bit Axe
11:18 Horse Collar
13:08 Forging
13:53 Gold Mining
15:40 Wheelbarrow
16:09 Scale Mail Armor
17:36 Scale Barding Armor
23:13 Castle Age
24:36 Husbandry
24:52 Light Cavalry
27:14 Chain Barding Armor
28:32 Iron Casting
31:11 Hand Cart
33:41 Gold Mining
33:46 Stone Mining
36:38 Imperial Age
Connection lost

Rejoining the realm…

Still unreachable

The connection could not be restored.

Session expired

The server has moved on; the page needs a fresh start.